 Dungeon Crawl Stone Soup version 0.27.0 (webtiles) character file.

Game seed: 12452951382346876648

39 horus123 the Magician (level 3, -3/19 HPs)
             Began as a Deep Elf Hedge Wizard on July 30, 2021.
             Killed from afar by Natasha (7 damage)
             ... with a magic dart
             ... on level 2 of the Dungeon.
             The game lasted 00:04:06 (1890 turns).

horus123 the Magician (Deep Elf Hedge Wizard)       Turns: 1890, Time: 00:04:06

Health: -3/19      AC:  3    Str:  7    XL:     3   Next: 26%
Magic:  5/11       EV: 12    Int: 19    God:
Gold:   65         SH:  0    Dex: 14    Spells: 5/12 levels left

rFire    . . .     SeeInvis .   a - +0 dagger
rCold    . . .     Faith    .   (no shield)
rNeg     . . .     Spirit   .   b - +0 robe
rPois    .         Reflect  .   c - +0 hat
rElec    .         Harm     .   (no cloak)
rCorr    .         Rampage  .   f - +0 pair of gloves
Will     .....                  (no boots)
Stlth    ++........             (no amulet)
HPRegen  0.06/turn              (no ring)
MPRegen  0.12/turn              (no ring)

@: no status effects
A: no striking features
a: no special abilities


You were on level 2 of the Dungeon.
You visited 1 branch of the dungeon, and saw 2 of its levels.

You collected 65 gold pieces.

Inventory:

Hand Weapons
 a - a +0 dagger (weapon)
Armour
 b - a +0 robe (worn)
 c - a +0 hat (worn)
 f - a +0 pair of gloves (worn)
Scrolls
 h - a scroll of identify {unknown}
 j - a scroll of silence {unknown}
Potions
 d - 2 potions of lignification {unknown}
 e - 3 potions of flight {unknown}
 g - a potion of curing {unknown}
 i - a potion of resistance {unknown}


   Skills:
 + Level 2.8 Dodging
 + Level 2.7 Stealth
 + Level 5.4 Spellcasting
 + Level 1.4 Conjurations
 + Level 1.4 Summonings
 + Level 1.1 Translocations


You had 5 spell levels left.
You knew the following spells:

 Your Spells              Type           Power      Damage    Failure   Level
a - Magic Dart            Conj           40%        1d5       7%          1
b - Call Imp              Summ           10%        N/A       10%         2
c - Blink                 Tloc           N/A        N/A       12%         2
d - Slow                  Hex            5%         N/A       19%         2

Your spell library contained the following spells:

 Spells                   Type           Power      Damage    Failure   Level
 Conjure Flame            Conj/Fire      7%         6-21      26%         3
 Mephitic Cloud           Conj/Pois/Air  7%         N/A       28%         3


Dungeon Overview and Level Annotations

Branches:
Dungeon (2/15)

Altars:

Annotations:
D:2 Natasha


Message History

You are very lightly contaminated with residual magic.
Nothing appears to happen.
Casting: Magic Dart (safe; 7% risk of failure)
Confirm with . or Enter, or press ? or * to list all spells.
A beastly little devil appears in a puff of flame.
Natasha stares at you and mumbles some strange words.
You resist with some effort.
Casting: Call Imp (safe; 10% risk of failure)
Confirm with . or Enter, or press ? or * to list all spells.
A shadowy apparition takes form in the air.
Casting: Call Imp (safe; 10% risk of failure)
Confirm with . or Enter, or press ? or * to list all spells.
You don't know that spell.
Your shadow imp closely misses Natasha.
Casting: Call Imp (safe; 10% risk of failure)
Confirm with . or Enter, or press ? or * to list all spells.
A beastly little devil appears in a puff of flame.
Natasha stares at you and mumbles some strange words.
The magic dart hits you!
Your shadow imp barely misses Natasha.
Your magical contamination has completely faded away.
You swap places.
Your crimson imp blinks!
Natasha claws you but does no damage.
Your shadow imp closely misses Natasha.
Your crimson imp hits Natasha.
You miscast Magic Dart.
You are very lightly contaminated with residual magic.
Nothing appears to happen.
Natasha claws you!
* * * LOW HITPOINT WARNING * * *
Your shadow imp misses Natasha.
Your crimson imp hits Natasha.
Your crimson imp hits Natasha.
Natasha misses your crimson imp.
Natasha wildly gestures.
Natasha's front paws start to glow.
Natasha stares at you and mumbles some strange words.
You resist with some effort.
Your crimson imp closely misses Natasha.
Your magical contamination has completely faded away.
Found a stone staircase leading down.
Natasha casts a spell at you. The magic dart hits you!
You die...

# # #. # #. ###### #> .....#
#. .. ####.# #.#####.# #.#
#.......## #.# #.........
#.##### #@# ### #.....# #.#
#.. ## #####.# #h# #.# #.#
### #># #.# #.##.# ##.## #.#
#5# ###.#.# ##.#.###.#
#.######....# ### #.###.##.#
#5#...##.#.# ##.# .##
##.#.#######.#........##.#..#
##
##..........5...##.........#


You could see Natasha (ally target) and 2 friendly crimson imps.

Vanquished Creatures
  2 endoplasms
  2 goblins (D:1)
  3 hobgoblins
  5 jackals
  A quokka (D:2)
  2 ball pythons (D:1)
  3 bats
  A frilled lizard (D:1)
  2 rats (D:1)
21 creatures vanquished.

Vanquished Creatures (collateral kills)
  Natasha (D:2)
  A dart slug (D:1)
2 creatures vanquished.

Grand Total: 23 creatures vanquished

Notes
Turn   | Place    | Note
-------+----------+-------------------------------------------
     0 | D:1      | horus123 the Deep Elf Hedge Wizard began the quest for the
                  | Orb.
     0 | D:1      | Reached XP level 1. HP: 10/10 MP: 7/7
   625 | D:1      | Found a faded altar of an unknown god.
   720 | D:1      | Reached XP level 2. HP: 15/15 MP: 7/9
   788 | D:1      | Learned a level 2 spell: Call Imp
   791 | D:1      | Learned a level 2 spell: Blink
   794 | D:1      | Learned a level 2 spell: Slow
   970 | D:1      | Reached skill level 5 in Spellcasting
  1389 | D:2      | Noticed Natasha
  1395 | D:2      | Killed Natasha
  1396 | D:2      | Reached XP level 3. HP: 19/19 MP: 2/11
  1871 | D:2      | Noticed Natasha
  1890 | D:2      | Killed from afar by Natasha

Illustrated notes

Levels and vault maps discovered:
D:1:      dpeg_arrival_brainrot, layout_rooms,
          hellmonk_ecumenical_altar_inner_sanctum, serial_curves,
          eino_curves_03, eino_curves_04, eino_curves_04, eino_curves_01
D:2:      layout_loops_ring, minmay_split_cup_large, uniq_natasha,
          uniq_crazy_yiuf_cottage

Skill      XL: |  1  2 |
---------------+-------+-----
Spellcasting   | 5 |  5.4
Dodging        | |  2.8
Stealth        | |  2.7
Conjurations   | |  1.4
Summonings     | |  1.4
Translocations | |  1.1

Action                   || total
-------------------------++-------
 Cast: Magic Dart        ||    51
       Call Imp          ||    11
       Blink             ||     6
Armor: Robe              ||     5
Dodge: Dodged            ||    12
